 Dungeon Crawl Stone Soup version 0.28.0-53-g5a82cb258f (webtiles) character file.

Game seed: 4874524814048047712

383 Peloso the Slasher (level 6, 0/53 HPs)
             Began as a Minotaur Fighter on June 11, 2022.
             Slain by a goblin
             ... wielding the +8 whip "Suecw" {spect, Dex+2}
              (4 damage)
             ... on level 4 of the Dungeon.
             The game lasted 00:04:50 (3125 turns).

Peloso the Slasher (Minotaur Fighter)               Turns: 3125, Time: 00:04:50

Health: 0/53       AC: 10    Str: 21    XL:     6   Next: 47%
Magic:  5/5        EV:  8    Int:  5    God:
Gold:   127        SH:  5    Dex: 11    Spells: 5/5 levels left

rFire   . . .      SeeInvis .   a - +0 long sword
rCold   . . .      Faith    .   c - +0 buckler
rNeg    . . .      Spirit   .   f - +1 chain mail
rPois   .          Reflect  .   (helmet restricted)
rElec   .          Harm     .   (no cloak)
rCorr   .          Rampage  .   (no gloves)
Will    .....                   (no boots)
Stlth   ..........              i - amulet of regeneration
HPRegen 0.97/turn               (no ring)
MPRegen 0.09/turn               (no ring)

@: no status effects
A: horns 2, retaliatory headbutt
a: no special abilities


You were on level 4 of the Dungeon.
You visited 1 branch of the dungeon, and saw 4 of its levels.

You collected 127 gold pieces.

Inventory:

Hand Weapons
 a - a +0 long sword (weapon)
Armour
 b - a +0 scale mail
 c - a +0 buckler (worn)
 f - a +1 chain mail (worn)
Jewellery
 i - an amulet of regeneration (around neck)
 o - a ring of see invisible
Wands
 g - a wand of acid (3)
Scrolls
 h - a scroll of identify
 k - a scroll of enchant armour
Potions
 d - 2 potions of might
 e - a potion of magic
 j - a potion of haste
 n - a potion of heal wounds


   Skills:
 + Level 4.3 Fighting
 + Level 5.8 Long Blades
 + Level 5.4 Armour
 + Level 1.8 Dodging
 + Level 4.6 Shields
 + Level 0.1 Evocations


You had 5 spell levels left.
You didn't know any spells.
Your spell library was empty.

Dungeon Overview and Level Annotations

Branches:
Dungeon (4/15)
 Temple: D:4-7

Altars:
Ru

Shops:
D:1 (


Innate Abilities, Weirdness & Mutations

You have a pair of horns on your head.
You reflexively headbutt those who attack you in melee.


Message History

You hit the ogre.
The ogre is moderately wounded.
The goblin shoots a stone.
The stone barely misses you. The ogre barely misses you.
You hit the ogre but do no damage. You headbutt the ogre!
The ogre is heavily wounded.
The goblin shoots a stone.
The stone misses you.
You barely miss the ogre. Your headbutt misses the ogre.
The ogre is heavily wounded.
The ogre hits you with a +0 giant spiked club!
The goblin shoots a stone.
The stone hits you.
You slash the ogre!
The ogre is almost dead.
The ogre hits you but does no damage.
The goblin shoots a stone.
You block the stone.
You hit the ogre.
The ogre is almost dead.
The ogre hits you with a +0 giant spiked club.
You barely miss the ogre.
The ogre is almost dead.
The goblin shoots a stone.
The stone hits you.
The ogre hits you with a +0 giant spiked club!
You hit the ogre. Your headbutt misses the ogre.
The ogre is almost dead.
The goblin shoots a stone.
The stone hits you. The ogre closely misses you.
The goblin shoots a stone.
The stone barely misses you.
You barely miss the ogre.
The ogre is almost dead.
The ogre hits you with a +0 giant spiked club!
* * * LOW HITPOINT WARNING * * *
The goblin shoots a stone.
The stone hits you.
* * * LOW HITPOINT WARNING * * *
You hit the ogre but do no damage.
The ogre is almost dead.
The ogre barely misses you. You furiously retaliate!
You headbutt the ogre!
You kill the ogre!
The goblin unwields a +0 hunting sling.
The goblin wields the +8 whip "Suecw" {spect, Dex+2}.
The goblin hits you with the +8 whip "Suecw" {spect, Dex+2}.
You die...

..............##
#..................#.
#............#.<)....
#..............).##..
#......#.........##..
#....................
##................##..
#....g...##......##...
#..).@...........#....
#..#.##.........##.... #
#............#.....
#.....!.!....#..... ####
####........#####.. ##..#
#...#.....#8..### #...###
##.........#......
#..>..###..........#......
######..###..........##...#).


You could see a goblin.

Vanquished Creatures
  2 ogres (D:4)
  A jelly (D:4)
  2 hounds (D:4)
  A gnoll (D:1)
  4 adders
  An ufetubus (D:4)
  An adder skeleton (D:4)
  A worm (D:2)
  A dart slug (D:1)
  11 orcs
  4 ball pythons
  7 endoplasms
  2 giant cockroaches
  6 goblins
  12 hobgoblins
  3 kobolds (D:2)
  A quokka (D:2)
  4 bats
  2 frilled lizards
  2 rats
68 creatures vanquished.

Notes
Turn   | Place    | Note
-------+----------+-------------------------------------------
     0 | D:1      | Peloso the Minotaur Fighter began the quest for the Orb.
     0 | D:1      | Reached XP level 1. HP: 19/19 MP: 0/0
   165 | D:1      | Found a faded altar of an unknown god.
   256 | D:1      | Reached XP level 2. HP: 22/27 MP: 1/1
   502 | D:1      | Found Buan's Weapon Shoppe.
  1069 | D:2      | Reached XP level 3. HP: 31/33 MP: 2/2
  1135 | D:2      | Reached skill level 1 in Dodging
  2003 | D:3      | Reached XP level 4. HP: 40/40 MP: 3/3
  2665 | D:4      | Reached XP level 5. HP: 46/46 MP: 4/4
  2924 | D:4      | Noticed an ogre
  2930 | D:4      | Killed an ogre
  2931 | D:4      | Reached skill level 5 in Long Blades
  2931 | D:4      | Reached skill level 5 in Armour
  2931 | D:4      | Reached XP level 6. HP: 52/52 MP: 5/5
  3049 | D:4      | Found a sacrificial altar of Ru.
  3114 | D:4      | Identified the +8 whip "Suecw" {spect, Dex+2}
  3123 | D:4      | HP: 2/52 [ogre/+0 giant spiked club (15)]
  3125 | D:4      | Slain by a goblin

Illustrated notes

Levels and vault maps discovered:
D:1:      nagdon_arrival_zigzag_paths, layout_loops_ring,
          chequers_ecumenical_altar_simple_redux, serial_shops,
          nicolae_shop_bloodbath_and_beyond
D:2:      layout_loops_ring
D:3:      layout_loops_ring, hangedman_decor_clover_reticule,
          grunt_ministairs_10, chequers_serial_rivers_micro_b,
          nicolae_elevator_lobby_asterisk
D:4:      kennysheep_spiral_hall, layout_cave_pools, nicolae_ru_path_of_blood

Skill      XL: |  1  2  3  4  5 |
---------------+----------------+-----
Armour         | 4 5 |  5.4
Dodging        | 1 |  1.8
Shields        | 4 |  4.6
Long Blades    | 3 4 5 |  5.8
Fighting       | 4 |  4.3
Evocations     | |  0.1

Action                   |  1- 3 |  4- 6 || total
-------------------------+-------+-------++-------
Melee: Long sword        |    79 |   101 ||   180
       Headbutt          |    10 |    12 ||    22
Evoke: Wand              |       |     2 ||     2
  Use: Scroll            |     2 |     4 ||     6
       Potion            |     1 |       ||     1
Armor: Scale mail        |     8 |       ||     8
       Chain mail        |    46 |    67 ||   113
Dodge: Dodged            |    19 |    44 ||    63
Block: Buckler           |    23 |    30 ||    53
